Map: Data-C

Players

JonSnow

  • Race: Zerg Zerg
  • Spawn Location: 3:00

PtitDrogo - Winner!

  • Race: Protoss Protoss
  • Spawn Location: 9:00

Event: DreamHack SC2 Masters 2022 Atlanta (Offline)

VOD

Have the link to the VOD?

Description

Time

  • Played on: Nov. 18, 2022, 11:41 a.m.
  • Length: 11:33

All games in this series

Show
View Real Time Build Order
Export as new Build Order

JonSnow Zerg 

Build Orders: Hatch First, Swarm Host 

Get SALT Encoding   

  12  0:01  Drone  
  13  0:12  Overlord  
  13  0:17  Drone  
  14  0:30  Drone x2  
  16  0:52  Drone, Hatchery  
  16  0:57  Drone  
  16  1:00  Drone  
  18  1:11  Extractor  
  18  1:16  Spawning Pool  
  16  1:20  Drone  
  16  1:23  Drone  
  18  1:29  Drone  
  19  1:39  Drone  
  20  1:50  Overlord  
  20  2:02  Queen  
  20  2:04  Queen  
  20  2:05  Zergling x2  
  20  2:07  Drone  
  26  2:11  Zergling x2  
  26  2:14  Metabolic Boost  
  27  2:18  Drone  
  28  2:37  Hatchery  
  28  2:40  Drone x2  
  29  2:44  Drone  
  30  2:52  Queen  
  30  2:58  Overlord  
  32  3:01  Zergling x2  
  32  3:03  Zergling x2  
  34  3:09  Spore Crawler  
  34  3:12  Drone x2  
  34  3:17  Zergling x2  
  34  3:18  Drone x2  
  38  3:23  Queen  
  40  3:27  Spore Crawler  
  40  3:29  Drone  
  40  3:35  Drone x2  
  40  3:39  Overlord  
  42  3:49  Drone x5  
  42  3:55  Drone x3  
  49  3:58  Drone  
  49  4:01  Overlord  
  50  4:09  Spore Crawler, Queen  
  51  4:13  Queen  
  53  4:20  Zergling x4, Evolution Chamber  
  51  4:26  Drone x4  
  53  4:31  Drone  
  53  4:33  Drone  
  53  4:34  Drone x2  
  53  4:35  Drone  
  53  4:36  Drone  
  59  4:39  Drone x2  
  59  4:44  Spore Crawler  
  60  4:47  Overlord  
  59  4:54  Drone  
  59  4:55  Drone x5  
  62  5:07  Drone x3  
  62  5:11  Drone x4  
  62  5:12  Drone x2  
  70  5:14  Roach Warren, Extractor  
  70  5:15  Extractor  
  67  5:22  Zerg Missile Weapons Level 1  
  67  5:24  Drone x3  
  67  5:25  Queen  
  72  5:28  Extractor  
  72  5:31  Drone  
  72  5:32  Drone  
  72  5:33  Lair  
  73  5:40  Overlord x2  
  73  5:54  Drone  
  73  5:55  Hatchery  
  73  5:56  Overlord  
  72  5:58  Queen  
  72  6:02  Drone x10  
  84  6:05  Extractor  
  84  6:08  Drone  
  84  6:10  Extractor  
  84  6:11  Overlord  
  83  6:13  Overlord  
  83  6:17  Overlord x2  
  83  6:20  Roach x3  
  83  6:21  Roach  
  91  6:30  Glial Reconstitution  
  91  6:32  Roach x3  
  97  6:35  Infestation Pit  
  98  6:40  Roach x5  
  98  6:44  Overlord  
  106  6:49  Drone  
  106  6:50  Drone, Overlord x2  
  108  6:54  Roach x2  
  108  6:56  Overseer  
  108  6:59  Extractor  
  111  7:01  Drone  
  111  7:03  Overlord x2  
  111  7:07  Overlord  
  112  7:15  Drone x2  
  114  7:16  Drone  
  115  7:26  Zerg Missile Weapons Level 2  
  114  7:30  Swarm Host x7  
  135  7:37  Overlord  
  135  7:38  Swarm Host x2  
  140  7:45  Roach  
  140  7:46  Roach x5  
  140  7:49  Roach  
  140  7:50  Roach x2  
  157  7:56  Roach x3  
  157  7:57  Zergling x2  
  158  8:02  Swarm Host  
  156  8:14  Swarm Host x2  
  159  8:22  Swarm Host x2  
  159  8:24  Drone  
  159  8:25  Drone x8  
  171  8:31  Roach x2, Overlord  
  174  8:43  Swarm Host x3, Overlord  
  174  8:46  Roach  
  182  8:50  Roach  
  182  8:52  Swarm Host  
  181  9:00  Roach x3  
  179  9:04  Overlord  
  179  9:06  Swarm Host x2  
  183  9:11  Queen, Extractor  
  183  9:16  Ravager x2  
  186  9:17  Roach x2  
  186  9:18  Roach  
  182  9:38  Roach x11  
  183  9:51  Roach x4  
  180  9:55  Overlord  
  180  9:57  Roach  
  171  10:02  Roach x3  
  173  10:13  Roach x5  
  183  10:19  Roach x3  
  180  10:31  Ravager x3  
  182  10:47  Zergling x22  
  182  10:48  Ravager x3  
  196  10:50  Overseer  
  196  10:56  Queen x2  
  200  11:09  Roach x8  
  200  11:10  Roach x2  
Show
View Real Time Build Order
Export as new Build Order

PtitDrogo Protoss - Winner!

Build Orders: 1 Gate Expand, Oracle Opening, Zealot Archon 

Get SALT Encoding   

  12  0:00  Probe  
  13  0:12  Probe  
  14  0:19  Pylon  
  14  0:24  Probe  
  15  0:37  Probe (Chrono Boost)  
  15  0:40  Gateway  
  16  0:47  Probe (Chrono Boost)  
  17  0:52  Assimilator  
  17  0:53  Probe  
  18  1:05  Probe  
  19  1:17  Probe  
  20  1:26  Nexus  
  20  1:38  Cybernetics Core  
  20  1:41  Probe  
  21  1:48  Assimilator  
  21  1:53  Probe  
  22  1:56  Pylon  
  22  2:05  Probe  
  23  2:12  Adept (Chrono Boost)  
  25  2:17  Probe  
  25  2:19  Stargate  
  26  2:29  Warp Gate  
  27  2:31  Probe (Chrono Boost)  
  27  2:35  Adept  
  29  2:38  Probe (Chrono Boost)  
  31  2:47  Probe (Chrono Boost)  
  31  2:48  Probe (Chrono Boost)  
  32  2:53  Probe (Chrono Boost)  
  32  2:54  Probe  
  34  2:59  Oracle (Chrono Boost)  
  34  3:05  Probe  
  38  3:06  Probe  
  39  3:16  Pylon  
  39  3:17  Probe  
  39  3:18  Probe  
  41  3:22  Gateway  
  41  3:26  Oracle (Chrono Boost)  
  41  3:29  Probe  
  41  3:30  Probe  
  46  3:47  Nexus  
  46  3:49  Probe  
  46  3:51  Pylon  
  47  3:56  Oracle  
  47  3:58  Probe  
  47  4:01  Probe  
  52  4:07  Assimilator  
  52  4:08  Assimilator  
  52  4:10  Shield Battery, Probe  
  52  4:14  Probe  
  52  4:17  Adept  
  56  4:22  Zealot, Probe  
  59  4:33  Probe  
  59  4:36  Probe (Chrono Boost)  
  61  4:38  Pylon  
  61  4:45  Twilight Council, Forge  
  62  4:50  Probe (Chrono Boost)  
  62  4:56  Probe (Chrono Boost)  
  62  4:59  Probe (Chrono Boost)  
  64  5:03  Probe (Chrono Boost)  
  62  5:09  Probe (Chrono Boost)  
  62  5:13  Gateway x2, Probe (Chrono Boost)  
  65  5:15  Robotics Facility, Probe (Chrono Boost)  
  65  5:17  Protoss Ground Weapons Level 1 (Chrono Boost)  
  65  5:20  Probe (Chrono Boost)  
  65  5:21  Charge  
  67  5:22  Probe (Chrono Boost)  
  67  5:23  Templar Archives, Probe (Chrono Boost)  
  67  5:28  Probe x2 (Chrono Boost)  
  69  5:31  Probe (Chrono Boost)  
  71  5:35  Probe (Chrono Boost)  
  71  5:37  Pylon  
  71  5:38  Assimilator x2  
  71  5:39  Probe (Chrono Boost)  
  74  5:48  Probe x2 (Chrono Boost)  
  76  5:52  Probe (Chrono Boost)  
  76  5:53  Probe (Chrono Boost)  
  76  5:55  Probe (Chrono Boost)  
  78  6:00  Probe, Psionic Storm  
  78  6:02  Probe  
  80  6:06  Probe  
  80  6:08  Gateway  
  80  6:09  Gateway  
  80  6:11  Gateway, High Templar x2  
  85  6:12  Probe  
  85  6:14  Photon Cannon  
  85  6:17  High Templar  
  88  6:18  Pylon  
  88  6:22  Observer (Chrono Boost)  
  88  6:25  Zealot  
  91  6:26  Pylon  
  91  6:28  Photon Cannon  
  91  6:30  Nexus  
  91  6:37  Warp Prism (Chrono Boost)  
  90  6:43  High Templar  
  90  6:44  Probe  
  90  6:46  Pylon  
  93  6:49  Shield Battery  
  93  6:52  Gateway  
  93  6:53  Gateway, High Templar  
  95  6:54  Zealot  
  95  6:58  High Templar  
  95  7:00  Probe  
  100  7:02  Pylon  
  100  7:03  High Templar  
  100  7:04  Zealot  
  100  7:07  Archon  
  104  7:09  Probe  
  104  7:10  Immortal (Chrono Boost)  
  109  7:16  Photon Cannon  
  109  7:19  Photon Cannon  
  109  7:22  High Templar x2  
  113  7:23  Zealot  
  113  7:27  Archon  
  115  7:30  Zealot  
  115  7:31  Zealot x2  
  115  7:34  Protoss Ground Weapons Level 2 (Chrono Boost)  
  121  7:44  Zealot x2  
  121  7:47  Immortal (Chrono Boost)  
  129  7:52  Zealot x3  
  129  7:54  Probe  
  136  8:01  Probe x2  
  136  8:03  Probe  
  136  8:05  Fleet Beacon  
  135  8:17  Immortal  
  135  8:19  Probe  
  136  8:20  Probe  
  131  8:31  Stalker x4  
  139  8:34  Probe  
  139  8:36  Pylon  
  139  8:37  Pylon  
  139  8:38  Assimilator  
  139  8:39  Probe, Assimilator, Pylon  
  139  8:41  Shield Battery  
  135  8:43  Photon Cannon  
  134  8:53  Zealot x3  
  134  8:54  Stalker x2  
  140  9:16  High Templar x4  
  148  9:17  Zealot x5  
  148  9:21  Archon x2  
  158  9:30  Mothership (Chrono Boost)  
  144  9:32  Carrier (Chrono Boost)  
  156  9:39  Stargate  
  156  9:45  Zealot x4  
  164  9:48  Pylon  
  164  9:50  Pylon  
  164  9:52  Pylon  
  164  9:53  Pylon  
  164  9:56  Pylon  
  152  10:10  Zealot x4, Stargate  
  152  10:11  Zealot x4  
  152  10:14  Stargate  
  162  10:27  Zealot  
  156  10:28  Carrier (Chrono Boost)  
  156  10:29  Nexus  
  156  10:31  Pylon  
  168  10:59  Zealot x5  
  168  11:00  Zealot  
  164  11:11  Archon  
  154  11:20  Zealot x9  
Tags
 
Add a new tag
Caveats
  • Supply blocks, unpowered buildings, or Contaminate may cause inaccurate times.
  • Supply counts are checked every 10 seconds.